 Dungeon Crawl Stone Soup version 0.32-a0-699-g1ee5eff69a (webtiles) character file.

Game seed: 15039678436721361385

122 mopl the Insei (level 5, -12/34 HPs)
             Began as an Octopode Shapeshifter on Mar 13, 2024.
             Mangled by a gnoll sergeant
             ... wielding a +2 vampiric spear
              (14 damage)
             ... on level 3 of the Dungeon.
             The game lasted 00:01:59 (1731 turns).

mopl the Insei (Octopode Shapeshifter)              Turns: 1731, Time: 00:02:00

Health: -12/34     AC:  1    Str: 13    XL:     5   Next: 6%
Magic:  5/5        EV: 12    Int: 12    God:
Gold:   69         SH:  0    Dex: 14    Spells: 2/4 levels left

rFire   . .          .
                       - Unarmed
rCold   . . .        (no shield)
rNeg    . . .        (helmet currently unavailable)
rPois   .            (no amulet)
rElec   .            (no ring)
rCorr   .            (no ring)
SInv    .            (no ring)
Will    .....        (no ring)
Stlth   ++           (no ring)
HPRegen 0.25/turn    (no ring)
MPRegen 0.09/turn    (no ring)
                     (no ring)

%: no passive effects
@: beast-form
A: beast (slay +2), almost no armour, amphibious, 8 rings, camouflage 1,
gelatinous body 1, (nimble swimmer 1), tentacles
a: Begin Untransformation


You were on level 3 of the Dungeon.
You were a hulking beast.
You visited 1 branch of the dungeon, and saw 3 of its levels.

You collected 69 gold pieces.

Inventory:

Hand Weapons
 n - the +3 hand axe "Zobrig" {drain, rElec Will+ Stlth+}
   (You found it on level 3 of the Dungeon)

   rElec:     It insulates you from electricity.
   Will+:     It increases your willpower.
   Stlth+:    It makes you more stealthy.
Missiles
 d - 6 poisoned darts (quivered)
 i - 4 boomerangs
Talismans
 b - a beast talisman (active)
 c - a flux talisman
Scrolls
 e - 2 scrolls of identify {unknown}
 f - a scroll of immolation {unknown}
 k - a scroll of revelation {unknown}
 m - a scroll of noise {unknown}
Potions
 a - a potion of lignification {!q}
 g - a potion of curing {unknown}
 h - 2 potions of heal wounds {unknown}
 j - 2 potions of haste {unknown}
 l - a potion of magic {unknown}


   Skills:
 + Level 2.0 Fighting
 + Level 2.5 Dodging
 * Level 3.9 Unarmed Combat
 + Level 0.9 Translocations
 * Level 3.9 Shapeshifting


You had 2 spell levels left.
You knew the following spells:

 Your Spells              Type           Power      Damage    Failure   Level
e - Blink                 Tloc           4%         N/A       34%         2

Your spell library contained the following spells:

 Spells                   Type           Power      Damage    Failure   Level
 Magic Dart               Conj           0%         1d3       32%         1
 Slow                     Hex            0%         N/A       32%         1
 Call Imp                 Summ           0%         N/A       45%         2
 Gell's Gravitas          Tloc           2%         N/A       56%         3
 Teleport Other           Tloc           2%         N/A       56%         3
 Confusing Touch          Hex            0%         N/A       69%         3
 Vampiric Draining        Necr           0%         2d6       69%         3
 Olgreb's Toxic Radiance  Alch           0%         N/A       97%         4
 Dispersal                Tloc           1%         N/A       100%        6
 Ozocubu's Refrigeration  Ice            0%         4d7       100%        7
 Discord                  Hex            0%         N/A       100%        8


Dungeon Overview and Level Annotations

Branches:
Dungeon (3/15)

Altars:

Shops:
D:2 (


Innate Abilities, Weirdness & Mutations

You are a hulking beast.
Your limbs bulge with bestial killing power. (Slay +2)
You cannot wear most types of armour.
You are amphibious.
You can wear up to eight rings at the same time.
Your skin changes colour to match your surroundings (Stealth+).
Your rubbery body absorbs attacks. (AC +1, EV +1)
((You are camouflaged when in or above water. (Stealth+)))
You have tentacles for arms and can constrict up to eight enemies at once.


Message History

You tentacle-slap the gnoll. You grab the gnoll.
The gnoll is heavily wounded.
You constrict the gnoll. The gnoll barely misses you.
You tentacle-slap the gnoll. You squeeze the gnoll.
You kill the gnoll!
You have reached level 5!
You feel agile.
Items here: ))) †.
You see here the +3 hand axe "Zobrig" {drain, rElec Will+ Stlth+}.
n - the +3 hand axe "Zobrig" {drain, rElec Will+ Stlth+}
Found a hand axe.
The gnoll sergeant shouts!
The gnoll shouts!
There are monsters nearby!
Items here: ))) †.
You see here a +0 hand axe.
You start resting.
A gnoll sergeant is nearby!
The gnoll closely misses you.
The gnoll sergeant hits you with a +2 vampiric spear!
You see here a +0 hand axe.
You barely miss the gnoll sergeant. The gnoll sergeant blocks your attack.
Your squeeze misses the gnoll sergeant. The gnoll hits you with a +0 flail!
The gnoll sergeant hits you with a +2 vampiric spear!
* * * LOW HITPOINT WARNING * * *
Unknown command.
The gnoll sergeant blocks your attack.
You grab the gnoll sergeant. You squeeze the gnoll sergeant!
The gnoll sergeant is moderately wounded.
You constrict the gnoll sergeant. The gnoll barely misses you.
The gnoll sergeant closely misses you.
You tentacle-slap the gnoll. You grab the gnoll.
The gnoll is moderately wounded.
You constrict the gnoll sergeant. You constrict the gnoll.
The gnoll hits you but does no damage. The gnoll sergeant barely misses you.
You tentacle-slap the gnoll sergeant but do no damage.
The gnoll sergeant is heavily wounded.
You constrict the gnoll sergeant. You constrict the gnoll.
The gnoll barely misses you.
The gnoll sergeant hits you with a +2 vampiric spear!
You die...

#.# #####.###) #)#
#....## ## #.#
#.###.###. #.# #.#
##.### #.#
##.###### ♣ #.#
#.......#♣♣ #.#
#..g.g.g..)
#.#######.#######♣♣
#ghg......# ♣
###########


You could see a gnoll sergeant and a gnoll.

Vanquished Creatures
  3 gnolls (D:3)
  3 adders (D:2)
  A dart slug (D:2)
  A ribbon worm (D:2)
  3 orcs (D:3)
  3 endoplasms
  10 giant cockroaches (D:2)
  6 goblins
  2 hobgoblins (D:1)
  6 jackals
  3 kobolds
  4 quokkas
  A ball python (D:2)
  4 bats (D:1)
  A frilled lizard (D:1)
  4 rats
55 creatures vanquished.

Notes
Turn   | Place    | Note
-------+----------+-------------------------------------------
     0 | D:1      | mopl the Octopode Shapeshifter began the quest for the Orb.
     0 | D:1      | Reached XP level 1. HP: 13/13 MP: 1/1
    83 | D:1      | Reached XP level 2. HP: 16/18 MP: 2/2
   589 | D:1      | Reached XP level 3. HP: 23/23 MP: 3/3
   989 | D:2      | Noticed a +0 great mace
   990 | D:2      | Found Maash's Weapon Shop.
   994 | D:2      | Noticed a +0 demon blade
  1103 | D:2      | Learned a level 2 spell: Blink
  1211 | D:2      | Reached XP level 4. HP: 17/29 MP: 4/4
  1688 | D:3      | Reached skill level 2 in Fighting
  1691 | D:3      | Reached XP level 5. HP: 23/34 MP: 5/5
  1692 | D:3      | Identified the +3 hand axe "Zobrig" {drain, rElec Will+
                  | Stlth+}
  1696 | D:3      | Found the +5 woodcutter's axe
  1728 | D:3      | HP: 1/34 [gnoll sergeant/+2 vampiric spear (11)]
  1731 | D:3      | Mangled by a gnoll sergeant

Illustrated notes

Levels and vault maps discovered:
D:1:      dpeg_arrival_radiant, layout_basic
D:2:      minmay_roachtagon, layout_loops_ring, serial_shops,
          nicolae_shop_mannequins, kennysheep_cross_room, chequers_mini_garden
D:3:      layout_loops_ring, palyth_temple_overflow_mages, bloody_makhleb,
          nicolae_uskayaw_dance_hall, pf_guarded_unrand_woodcutter

Skill      XL: |  1  2  3  4 |
---------------+-------------+-----
Fighting       | 2 |  2.0
Dodging        | |  2.5
Unarmed Combat | |  3.9
Translocations | |  0.9
Shapeshifting  | |  3.9

Action                     |  1- 3 |  4- 6 || total
---------------------------+-------+-------++-------
  Melee: Unarmed           |    56 |    40 ||    96
         Constrict         |    18 |    18 ||    36
         Tentacles         |    16 |    10 ||    26
         Punch             |       |     3 ||     3
   Stab: Sleeping          |     9 |     2 ||    11
 Armour: Skin              |    13 |    18 ||    31
  Dodge: Dodged            |    25 |    25 ||    50

Table legend: (Time is in decaauts)
 A = Elapsed time spent in this place.
 B = Non-inter-level travel time spent in this place.
 C = Inter-level travel time spent in this place.
 D = Time resting spent in this place.
 E = Time spent auto-exploring this place.
 F = Levels seen in this place.
 G = Mean time per level.
                   A        B        C        D        E       F      G
               +--------+--------+--------+--------+--------+-----+--------+
         Total |   1724 |   1700 |     24 |      3 |   1383 |   3 |  574.7 |
       Dungeon |   1724 |   1700 |     24 |      3 |   1383 |   3 |  574.7 |
               +--------+--------+--------+--------+--------+-----+--------+

Top non-repeatable levels by time:
     D:1: 786 daAuts
     D:2: 740 daAuts
     D:3: 197 daAuts
